 Dungeon Crawl Stone Soup version 0.19-a0-517-gd6a9987 (webtiles) character file.

51 Kidiri the Firebug (level 3, -3/19 HPs)
             Began as a Deep Elf Fire Elementalist on June 6, 2016.
             Shot with an arrow by a centaur (17 damage)
             ... on level 3 of the Dungeon.
             The game lasted 00:11:11 (2296 turns).

Kidiri the Firebug (Deep Elf Fire Elementalist)     Turns: 2296, Time: 00:11:12

Health: -3/19      AC:  3    Str:  5    XL:     3   Next: 58%
Magic:  8/10       EV: 13    Int: 20    God:
Gold:   186        SH:  0    Dex: 15    Spells: 4 memorised, 0 levels left

rFire  x . .     SeeInvis .     h - +0 dagger
rCold  + . .     Gourm    .     a - +1 robe
rNeg   . . .     Faith    .     (no shield)
rPois  .         Spirit   .     (no helmet)
rElec  .         Dismiss  .     (no cloak)
rCorr  .         Reflect  .     (no gloves)
SustAt .         Harm     .     (no boots)
MR     .....                    (no amulet)
Stlth  ++........               (no ring)
                                d - ring of ice

@: very slightly contaminated, not resistant to hostile enchantments, unstealthy
A: no striking features
a: no special abilities


You were on level 3 of the Dungeon.
You were not hungry.

You visited 1 branch of the dungeon, and saw 3 of its levels.

You collected 186 gold pieces.

Inventory:

Hand Weapons
 h - a +0 dagger (weapon)
Armour
 a - a +1 robe (worn)
Jewellery
 d - a ring of ice (left hand)
Scrolls
 e - a scroll of noise {unknown}
 f - a scroll of remove curse
 i - a scroll of magic mapping {unknown}
Potions
 j - a potion of curing
 l - a potion of haste
Books
 b - a book of Flames

   Spells                             Type                      Level
   a - Flame Tongue                   Conjuration/Fire             1
   b - Throw Flame                    Conjuration/Fire             2
   c - Conjure Flame                  Conjuration/Fire             3
   d - Inner Flame                    Hexes/Fire                   3
   e - Sticky Flame                   Conjuration/Fire             4
   f - Fireball                       Conjuration/Fire             5
Comestibles
 c - 3 bread rations


   Skills:
 - Level 2.4 Dodging
 - Level 2.4 Stealth
 * Level 3.8 Spellcasting
 * Level 1.8 Conjurations
 * Level 4.3 Fire Magic


You couldn't memorise any spells.
You knew the following spells:

 Your Spells              Type           Power        Failure   Level  Hunger
a - Flame Tongue          Conj/Fire      ###..        3%          1    None
b - Throw Flame           Conj/Fire      ###...       6%          2    ##.....
c - Conjure Flame         Conj/Fire      ###.....     12%         3    ###....
d - Inner Flame           Hex/Fire       ##......     17%         3    ###....


Dungeon Overview and Level Annotations

Branches:
Dungeon (3/15)

Altars:


Message History

Press: ? - help, Shift-Dir - straight line, f - centaur
Aim: a centaur (resting)
You miscast Throw Flame.
You are very lightly contaminated with residual magic.
Lukewarm flames ripple over your body.
You start resting.
Magic restored.
The centaur shouts!
The centaur wields a shortbow.
The centaur shoots an arrow.
The arrow hits you.
You see here an arrow.
Casting: Throw Flame
Confirm with . or Enter, or press ? or * to list all spells.
Aiming: Throw Flame
Press: ? - help, Shift-Dir - straight line, f/p - centaur
Aim: a centaur, wielding a shortbow The puff of flame hits the centaur.
The centaur is moderately wounded.
The centaur shoots an arrow.
The arrow hits you!
Ouch! That really hurt!
You die...

## c. .#
.# .#
######.#
#....@.#
#.######
#.# #.#
#####.#
#.....#
##.####
#.# #.#


You could see a centaur.

Vanquished Creatures
  An ooze (D:2)
  2 dart slugs
  2 giant geckos (D:1)
  A giant cockroach (D:1)
  8 goblins
  5 hobgoblins
  2 jackals (D:1)
  A quokka (D:2)
  7 bats
  2 giant newts
  6 kobolds
  2 rats
39 creatures vanquished.

Notes
Turn   | Place    | Note
--------------------------------------------------------------
     0 | D:1      | Kidiri the Deep Elf Fire Elementalist began the quest for the Orb.
     0 | D:1      | Reached XP level 1. HP: 10/10 MP: 6/6
   258 | D:1      | Reached XP level 2. HP: 13/15 MP: 2/8
   262 | D:1      | Learned a level 2 spell: Throw Flame
   622 | D:1      | Reached skill level 4 in Fire Magic
  1124 | D:2      | Reached XP level 3. HP: 19/19 MP: 3/10
  1129 | D:2      | Learned a level 3 spell: Conjure Flame
  1133 | D:2      | Learned a level 3 spell: Inner Flame
  2275 | D:3      | Noticed a centaur
  2296 | D:3      | Shot with an arrow by a centaur

Vault maps used:
D:1:      eino_arrival_cavern_e
D:2:      first_bread
D:3:      corexii_shack_village, okawaru_metal_pillars_1_2,
          lemuel_crystal_altar, nemelex_deck

Skill      XL: |  1  2 |
---------------+-------+-----
Fire Magic     | 4 |  4.3
Dodging        | |  2.4
Stealth        | |  2.4
Spellcasting   | |  3.8
Conjurations   | |  1.8

Action                   || total
-------------------------++-------
Melee: Dagger            ||     5
 Cast: Flame Tongue      ||    37
       Throw Flame       ||    17
  Use: Scroll            ||     6
 Stab: Sleeping          ||     3
  Eat: Chunk             ||     5
Armor: Robe              ||     6
Dodge: Dodged            ||    13
